 Dungeon Crawl Stone Soup version 0.23.0-28-g6fe0f4d (webtiles) character file.

Game seed: 0

6287 Kairos the Basher (level 11, -6/86 HPs)
             Began as a Formicid Abyssal Knight on Feb 25, 2019.
             Was a High Priest of Lugonu.
             Mangled by an ice devil (10 damage)
             ... summoned by a deep elf mage
             ... on level 9 of the Dungeon.
             The game lasted 00:18:45 (7362 turns).

Kairos the Basher (Formicid Abyssal Knight)         Turns: 7362, Time: 00:18:46

Health: -6/86      AC: 17    Str: 19    XL:     11   Next: 15%
Magic:  12/12      EV:  7    Int: 13    God:    Lugonu [*****.]
Gold:   485        SH:  6    Dex: 17    Spells: 10/10 levels left

rFire    . . .     SeeInvis +   k - +9 morningstar "Naigoit" {elec, Dex+7}
rCold    . . .     Gourm    +   s - +0 buckler
rNeg     + . .     Faith    .   h - +0 plate armour
rPois    .         Spirit   .   (helmet unavailable)
rElec    .         Reflect  .   y - +1 cloak {+Inv}
rCorr    .         Harm     .   v - +1 pair of gloves
MR       +....                  (no boots)
Stlth    ..........             M - amulet of the gourmand
HPRegen  0.24/turn              t - ring of positive energy
MPRegen  0.13/turn              (no ring)

@: no status effects
A: permanent stasis, dig shafts and tunnels, four strong arms, antennae 3
a: Dig, Shaft Self, Depart the Abyss, Bend Space, Banish, Corrupt, Enter the
Abyss, Renounce Religion, Evoke Invisibility


You were on level 9 of the Dungeon.
You worshipped Lugonu.
Lugonu was extremely pleased with you.
You were not hungry.

You visited 1 branch of the dungeon, and saw 10 of its levels.
You visited the Abyss 1 time.

You collected 485 gold pieces.

Inventory:

Hand Weapons
 a - a +1 hand axe
 k - the +9 morningstar "Naigoit" (weapon) {elec, Dex+7}
   (You found it on level 2 of the Abyss)

   Occasionally, upon striking a foe, it will discharge some electrical energy
   and cause terrible harm.
   It affects your dexterity (+7).
 z - a +5 dire flail of freezing
 B - a +3 quarterstaff of chaos
Missiles
 x - 11 tomahawks (quivered)
 F - 6 javelins
Armour
 h - a +0 plate armour (worn)
 s - a +0 buckler (worn)
 v - a +1 pair of gloves (worn)
 y - a +1 cloak of invisibility (worn)
 P - a +1 cloak of magic resistance
Magical Staves
 L - an uncursed staff of air
Jewellery
 q - an uncursed ring of ice
 t - a ring of positive energy (left hand)
 M - an amulet of the gourmand (around neck)
 O - an uncursed ring of ice
Wands
 f - a wand of digging (4)
 l - a wand of random effects (15)
 n - a wand of scattershot (7)
 D - a wand of paralysis (7)
 E - a wand of polymorph (12)
 I - a wand of clouds (2)
 K - a wand of flame (19)
Scrolls
 b - a scroll of amnesia
 i - 7 scrolls of remove curse
 r - 2 scrolls of fear
 u - 3 scrolls of enchant armour
 w - 2 scrolls of immolation
 C - a scroll of acquirement
 H - 2 scrolls of enchant weapon {unknown}
 N - 5 scrolls of identify
Potions
 d - 2 potions of degeneration
 e - a potion of berserk rage
 g - 2 potions of flight {unknown}
 j - 3 potions of heal wounds
 m - a potion of curing {unknown}
 o - a potion of might {unknown}
 p - a potion of invisibility
 A - a potion of mutation {unknown}
 G - a potion of ambrosia {unknown}
 J - 2 potions of lignification
Comestibles
 c - 12 rations


   Skills:
 + Level 8.2 Fighting
 + Level 2.0(7.9) Axes
 + Level 11.8(11.9) Maces & Flails
 + Level 7.3 Armour
 + Level 1.5 Dodging
 + Level 2.3 Stealth
 + Level 5.2 Shields
 + Level 2.5 Invocations


You had 10 spell levels left.
You didn't know any spells.
Your spell library contained the following spells:

 Spells                   Type           Power        Failure   Level  Hunger
 Corona                   Hex            #......      100%        1    ##.....
 Summon Small Mammal      Summ           #...         100%        1    ##.....
 Call Imp                 Summ           #.......     100%        2    ###....
 Ensorcelled Hibernation  Hex/Ice        #.....       100%        2    ###....
 Call Canine Familiar     Summ           #.......     100%        3    ####...
 Confuse                  Hex            #.......     100%        3    ####...
 Dazzling Spray           Conj/Hex       #.....       100%        3    ####...
 Summon Guardian Golem    Hex/Summ       #.......     100%        3    ####...
 Tukima's Dance           Hex            #.......     100%        3    ####...
 Cause Fear               Hex            #.........   100%        4    #####..
 Summon Ice Beast         Ice/Summ       #.......     100%        4    #####..
 Summon Lightning Spire   Summ/Air       #.......     100%        4    #####..
 Silence                  Hex/Air        #.........   100%        5    ######.
 Yara's Violent Unravell  Hex/Tmut       #.........   100%        5    ######.
 Deflect Missiles         Chrm/Air       #.........   100%        6    #######
 Discord                  Hex            #.........   100%        8    #######


Dungeon Overview and Level Annotations

Branches:
Dungeon (10/15)            Temple (0/1) D:5            Lair (0/6) D:8
    Orc (0/2) D:10

Altars:
Ashenzari
Cheibriados
Elyvilon
Fedhas
Gozag
Hepliaklqana
Kikubaaqudgha
Makhleb
The Shining One

Shops:
D:4 *


Innate Abilities, Weirdness & Mutations

You cannot be hasted, slowed, berserked, paralysed or teleported.
You can dig through walls and to a lower floor.
Your four strong arms can wield two-handed weapons with a shield.
You have a pair of large antennae on your head. (SInv)


Message History

Your plate armour prevents you from hitting the deep elf mage.
The deep elf mage is severely wounded.
The ice devil hits you.
* * * LOW HITPOINT WARNING * * *
The ice devil freezes you!
* * * LOW HITPOINT WARNING * * *
You closely miss the deep elf mage.
The deep elf mage is severely wounded.
The deep elf mage gestures wildly while chanting.
The deep elf mage blinks!
You block the ice devil's attack.
You hit the ice devil.
The ice devil is lightly wounded.
The deep elf mage gestures wildly while chanting.
The ice devil hits you but does no damage.
Your plate armour prevents you from hitting the ice devil.
The ice devil is lightly wounded.
The ice devil hits you.
* * * LOW HITPOINT WARNING * * *
The ice devil freezes you!
You die...

............##?..y.......
.........................
............#...........
#$.......###...........
.........##........... .
#...#...#............
....#......##............
..e....4...##............
......ยง#@..###.##........
.....).###.............##
.....## ###...........##
..... ########..#### ...#
#### #.# ##


You could see an ice devil and a deep elf mage.

Vanquished Creatures
  An ugly thing (D:9)
  Joseph (D:7)
  2 centaur skeletons
  A gargoyle (D:10)
  A troll (D:9)
  Prince Ribbit (D:6)
  2 hippogriffs
  Sigmund (D:4)
  A wyvern (D:9)
  A hungry ghost (D:10)
  Menkaure (D:7)
  The ghost of Borgoz the Sneak, an amateur OpAs of Dithmenos (D:4)
  An ice beast (D:9)
  2 phantoms
  A sky beast (D:5)
  Purgy (D:3)
  6 ogres
  A centaur (D:10)
  A crocodile (D:8)
  2 big kobolds
  5 bullfrogs
  Blork the orc (D:4)
  A wyvern zombie (D:8)
  2 scorpions
  9 killer bees (D:9)
  3 wights (D:10)
  5 howler monkeys
  3 crimson imps
  6 hounds
  3 jellies (D:8)
  2 orc wizards
  A bullfrog skeleton (D:5)
  2 orc priests (D:6)
  Crazy Yiuf (D:4)
  6 worker ants
  Terence (D:3)
  A killer bee zombie (D:8)
  A howler monkey zombie (D:5)
  2 worker ant zombies (D:8)
  3 gnolls (D:6)
  5 adders
  7 oozes
  2 adder zombies (D:6)
  2 worms
  3 dart slugs
  8 leopard geckos
  28 orcs
  A bat zombie (D:1)
  6 giant cockroaches
  5 goblins
  11 hobgoblins
  10 jackals
  5 quokkas
  2 ball pythons
  A ball python zombie (D:1)
  5 bats
  9 frilled lizards
  11 kobolds
  A quokka skeleton (D:4)
  8 rats
217 creatures vanquished.

Notes
Turn   | Place    | Note
-------+----------+-------------------------------------------
     0 | Abyss:1  | Kairos the Formicid Abyssal Knight began the quest for the
                  | Orb.
     0 | Abyss:1  | Reached XP level 1. HP: 18/18 MP: 2/2
    45 | Abyss:1  | Noticed a smoke demon
    52 | Abyss:2  | Found a corrupted altar of Lugonu.
   143 | Abyss:2  | Got a twisted morningstar
   148 | Abyss:2  | Identified the +9 morningstar "Naigoit" {elec, Dex+7} (You
                  | found it on level 2 of the Abyss)
   158 | Abyss:2  | Noticed an iron imp
   181 | Abyss:2  | Noticed a worldbinder
   197 | Abyss:3  | Found a corrupted altar of Lugonu.
   222 | Abyss:3  | Noticed a raiju
   223 | Abyss:3  | Noticed a raiju
   225 | D:1      | Escaped the Abyss
   322 | D:1      | Reached * piety under Lugonu
   327 | D:1      | Reached XP level 2. HP: 22/24 MP: 3/3
   495 | D:1      | Reached skill level 1 in Maces & Flails
   552 | D:1      | Reached XP level 3. HP: 30/30 MP: 4/4
   665 | D:1      | Reached skill level 2 in Maces & Flails
   756 | D:2      | Reached ** piety under Lugonu
   764 | D:2      | Reached XP level 4. HP: 31/37 MP: 5/5
  1538 | D:3      | Reached XP level 5. HP: 42/42 MP: 6/6
  1552 | D:3      | Noticed Terence
  1556 | D:3      | Killed Terence
  1556 | D:3      | Reached skill level 3 in Maces & Flails
  2049 | D:3      | Reached *** piety under Lugonu
  2090 | D:3      | Noticed Purgy
  2094 | D:3      | Killed Purgy
  2094 | D:3      | Reached skill level 4 in Maces & Flails
  2094 | D:3      | Reached XP level 6. HP: 49/49 MP: 7/7
  2272 | D:3      | Found a faded altar of an unknown god.
  2492 | D:4      | Noticed Sigmund
  2496 | D:4      | Killed Sigmund
  2496 | D:4      | Reached skill level 5 in Maces & Flails
  2496 | D:4      | Reached skill level 1 in Dodging
  2496 | D:4      | Reached skill level 1 in Stealth
  2496 | D:4      | Reached XP level 7. HP: 52/55 MP: 8/8
  2577 | D:4      | Noticed Borgoz's ghost (amateur OpAs)
  2644 | D:4      | Noticed Blork the orc
  2647 | D:4      | Killed Blork the orc
  2647 | D:4      | Reached skill level 5 in Fighting
  2696 | D:4      | Reached skill level 6 in Maces & Flails
  2711 | D:4      | Found Pise's General Store.
  2720 | D:4      | Found a transporter.
  2724 | D:4      | Found a transporter.
  2728 | D:4      | Found a runed translucent door.
  2729 | D:4      | Noticed Crazy Yiuf
  3030 | D:4      | Killed Crazy Yiuf
  3069 | D:4      | Reached skill level 1 in Shields
  3069 | D:4      | Reached XP level 8. HP: 39/63 MP: 9/9
  3072 | D:4      | Killed Borgoz's ghost
  3075 | D:4      | Reached skill level 7 in Maces & Flails
  3183 | D:5      | Entered Level 5 of the Dungeon
  3288 | D:5      | Found a staircase to the Ecumenical Temple.
  3406 | D:5      | Found a white marble altar of Elyvilon.
  3612 | D:6      | Found a glowing golden altar of the Shining One.
  3666 | D:6      | Reached **** piety under Lugonu
  3679 | D:6      | Reached skill level 8 in Maces & Flails
  3732 | D:6      | Found a shattered altar of Ashenzari.
  3755 | D:6      | Reached XP level 9. HP: 68/69 MP: 10/10
  4418 | D:6      | Noticed Prince Ribbit
  4423 | D:6      | Killed Prince Ribbit
  4423 | D:6      | Reached skill level 9 in Maces & Flails
  4516 | D:7      | Noticed a hippogriff
  4529 | D:7      | Killed a hippogriff
  4543 | D:7      | Identified a scroll of acquirement
  4791 | D:7      | Reached skill level 5 in Armour
  4910 | D:7      | Noticed Menkaure
  4911 | D:7      | You fall through a shaft for 3 floors!
  4911 | D:10     | Entered Level 10 of the Dungeon
  4924 | D:10     | Found a staircase to the Orcish Mines.
  4983 | D:10     | Noticed a gargoyle
  4988 | D:10     | Killed a gargoyle
  4988 | D:10     | Reached XP level 10. HP: 78/79 MP: 11/11
  5016 | D:10     | Reached skill level 10 in Maces & Flails
  5270 | D:9      | Noticed a deep elf mage
  5360 | D:8      | Found an ancient bone altar of Kikubaaqudgha.
  5609 | D:8      | Found an opulent altar of Gozag.
  5828 | D:8      | Found a blossoming altar of Fedhas.
  5839 | D:8      | Found a burning altar of Makhleb.
  5839 | D:8      | Found a hazy altar of Hepliaklqana.
  5846 | D:8      | Found a snail-covered altar of Cheibriados.
  5859 | D:8      | Found a staircase to the Lair.
  6108 | D:8      | Reached skill level 11 in Maces & Flails
  6200 | D:7      | Killed Menkaure
  6244 | D:7      | Noticed Joseph
  6250 | D:7      | Killed Joseph
  6411 | D:7      | Reached ***** piety under Lugonu
  7246 | D:9      | Reached skill level 5 in Shields
  7262 | D:9      | Reached XP level 11. HP: 86/86 MP: 12/12
  7267 | D:9      | Noticed a purple ugly thing
  7279 | D:9      | Killed a purple ugly thing
  7362 | D:9      | HP: 4/86 [ice devil[a deep elf mage] (6)]
  7362 | D:9      | Mangled by an ice devil

Skill      XL: |  1  2  3  4  5  6  7  8  9 10 11 |
---------------+----------------------------------+-----
Maces & Flails | 1 2 4 5 6 8 9 11 | 11.8
Fighting       | 4 5 6 7 8 |  8.2
Armour         | 3 4 6 7 |  7.3
Dodging        | 1 |  1.5
Stealth        | 1 2 |  2.3
Shields        | 1 3 5 |  5.2
Axes           | |  2.0
Invocations    | |  2.5

Action                   |  1- 3 |  4- 6 |  7- 9 | 10-12 || total
-------------------------+-------+-------+-------+-------++-------
Melee: Morningstar       |    51 |    93 |   132 |   147 ||   423
       Dire flail        |       |       |    32 |    60 ||    92
Invok: Depart the Abyss  |     1 |       |       |       ||     1
 Abil: Dig               |       |       |       |     1 ||     1
  Use: Scroll            |       |     8 |     5 |     1 ||    14
       Potion            |       |       |       |     4 ||     4
 Stab: Distracted        |       |     1 |       |       ||     1
  Eat: Chunk             |       |     5 |     9 |       ||    14
       Ration            |       |       |     2 |     2 ||     4
Armor: Plate armour      |    36 |    67 |   101 |   105 ||   309
       Skin              |       |       |       |    10 ||    10
Dodge: Dodged            |    14 |    14 |    40 |    55 ||   123
Block: Buckler           |       |    21 |    39 |    52 ||   112
